 Dungeon Crawl Stone Soup version 0.28-a0-305-g9e858e973b (webtiles) character file.

Game seed: 4535950299954788943

263 bearlyready the Slasher (level 6, 0/70 HPs)
             Began as a Barachi Cinder Acolyte on Aug 29, 2021.
             Was a High Priest of Ignis.
             Slain by Pikel (2 damage)
             ... on level 4 of the Dungeon.
             The game lasted 00:07:21 (4774 turns).

bearlyready the Slasher (Barachi Cinder Acolyte)    Turns: 4774, Time: 00:07:23

Health: 0/70       AC: 23    Str: 18    XL:     6   Next: 19%
Magic:  1/7        EV:  2    Int: 13    God:    Ignis [*****.]
Gold:   229        SH:  0    Dex:  8    Spells: 6/7 levels left

rFire   + . .      SeeInvis .   a - -1 falchion (flame)
rCold   . . .      Faith    .   (no shield)
rNeg    + + +      Spirit   .   (armour currently unavailable)
rPois   +          Reflect  .   (helmet currently unavailable)
rElec   .          Harm     .   (cloak currently unavailable)
rCorr   .          Rampage  .   (gloves currently unavailable)
Will    .....      NoTele   +   (boots currently unavailable)
Stlth   +.........              (no amulet)
HPRegen 0.21/turn               (no ring)
MPRegen 0.10/turn               (no ring)

@: tree-form, unable to hop
A: stationary, stasis, torment immunity, boosted hp, (amphibious), (slowness 1),
(strong legs 1), +LOS
a: Renounce Religion, Sea of Fire, Foxfire Swarm, Rising Flame


You were on level 4 of the Dungeon.
You worshipped Ignis.
Ignis was extremely pleased with you.
You were a tree.
You visited 1 branch of the dungeon, and saw 4 of its levels.

You collected 229 gold pieces.

Inventory:

Hand Weapons
 a - a -1 falchion of flaming (weapon)
 e - a +0 short sword
 g - a +0 hunting sling
 m - a +0 dagger
Missiles
 d - 47 stones
 q - 2 atropa-tipped darts (quivered)
Armour
 c - a +0 scale mail
 h - a +0 ring mail (melded)
 o - a +1 helmet (melded)
 u - a +1 cloak (melded)
Scrolls
 f - a scroll of magic mapping {unknown}
 i - a scroll of identify
 k - a scroll of enchant armour
 n - a scroll of fear {unknown}
 r - a scroll of immolation
 t - a scroll of enchant weapon {unknown}
Potions
 j - a potion of degeneration {unknown}
 l - a potion of curing {unknown}
 p - a potion of heal wounds {unknown}


   Skills:
 - Level 3.6 Fighting
 + Level 6.1 Long Blades
 - Level 1.1 Spellcasting
 - Level 3.1 Conjurations
 - Level 3.4 Fire Magic


You had 6 spell levels left.
You knew the following spells:

 Your Spells              Type           Power      Damage    Failure   Level
a - Foxfire               Conj/Fire      36%        2x1d5     8%          1

Your spell library contained the following spells:

 Spells                   Type           Power      Damage    Failure   Level
 Dazzling Flash           Conj/Hex       8%         N/A       41%         3
 Agony                    Necr           0%         N/A       100%        5
 Silence                  Hex/Air        0%         N/A       100%        5


Dungeon Overview and Level Annotations

Branches:
Dungeon (4/15)
 Temple: D:4-7

Altars:
Uskayaw

Annotations:
D:4 Pikel


Innate Abilities, Weirdness & Mutations

You are a tree.
Your roots penetrate the ground, keeping you stationary.
You cannot be teleported.
You are immune to unholy pain and torment.
Your maximum health is greatly increased.
Your equipment is partially melded.
((You are amphibious.))
((You cover ground slowly.))
((You can hop short distances.))
You have an extended range of vision and can be seen from far away.


Message History

The foxfire hits Pikel but does no damage.
Pikel is almost dead.
The foxfire hits Pikel but does no damage.
Pikel is almost dead.
Pikel hits you with a +2 whip of freezing.
* * * LOW HITPOINT WARNING * * *
Pikel freezes you.
* * * LOW HITPOINT WARNING * * *
Casting: Foxfire (safe; 13% risk of failure)
Confirm with . or Enter, or press ? or * to list all spells.
You conjure some foxfire!
Pikel closely misses you.
Your foxfire dissipates!
The foxfire hits Pikel but does no damage.
Pikel is severely wounded.
Really quaff the potion of lignification?
You turn into a tree.
Your +1 cloak melds into your body.
Your +1 helmet melds into your body.
Your +0 ring mail melds into your body.
Your roots penetrate the ground.
Pikel hits you but does no damage.
You barely miss Pikel.
Pikel is severely wounded.
Pikel hits you with a +2 whip of freezing.
* * * LOW HITPOINT WARNING * * *
Pikel freezes you.
* * * LOW HITPOINT WARNING * * *
You barely miss Pikel.
Pikel is severely wounded.
Pikel hits you but does no damage.
You closely miss Pikel.
Pikel is severely wounded.
Pikel hits you but does no damage.
You barely miss Pikel.
Pikel is severely wounded.
Pikel hits you but does no damage.
The lemure shouts!
You hit Pikel. You burn Pikel.
Pikel is almost dead.
Pikel hits you with a +2 whip of freezing!
* * * LOW HITPOINT WARNING * * *
Pikel freezes you.
You die...

#..# #.##.####).# #
###.#####.##.#
#..#####
#.........##.#
#.......
#.#.########.#
#.####.# #.#.#
#......# #.# #.#
#.#.# #.###### #.#
#.# #.#.# #.# #.#
#.# #.#.# #.# #.#
#.# #.#.# #♣# #..
#.# #.#.#
#K########## .5..#
#.#.# #.........
.5..# #.#.#
#.)####### ...##
#####.#.###5......#
#5
#.....[....(.####.#
#. #.###.#####.##
#.# #. #.# #.# #.#
#.# #. #.# #.# #.#
#.# #.###


You could see Pikel and a lemure.

Vanquished Creatures
  An ogre (D:3)
  2 lemures (D:3)
  An orc priest (D:3)
  6 adders
  2 worms
  A dart slug (D:3)
  4 orcs (D:3)
  7 ball pythons
  7 endoplasms
  4 giant cockroaches
  7 goblins
  10 hobgoblins
  2 jackals (D:2)
  3 quokkas
  4 bats
  3 frilled lizards
  12 kobolds
  9 rats
85 creatures vanquished.

Vanquished Creatures (others)
  93 foxfires
93 creatures vanquished.

Grand Total: 178 creatures vanquished

Notes
Turn   | Place    | Note
-------+----------+-------------------------------------------
     0 | D:1      | bearlyready the Barachi Cinder Acolyte began the quest for
                  | the Orb.
     0 | D:1      | Reached XP level 1. HP: 18/18 MP: 2/2
   297 | D:1      | Reached skill level 4 in Long Blades
   362 | D:1      | Reached XP level 2. HP: 21/24 MP: 3/3
   702 | D:1      | Found a faded altar of an unknown god.
   951 | D:1      | Reached XP level 3. HP: 29/29 MP: 4/4
  1246 | D:2      | Reached skill level 1 in Conjurations
  1731 | D:2      | Reached XP level 4. HP: 36/36 MP: 5/5
  1916 | D:2      | Reached skill level 5 in Long Blades
  2918 | D:3      | Reached XP level 5. HP: 40/41 MP: 0/6
  3126 | D:3      | Found a hide-covered altar of Uskayaw.
  3141 | D:3      | Noticed an ogre
  3153 | D:3      | Killed an ogre
  3154 | D:3      | Reached XP level 6. HP: 17/47 MP: 1/7
  3394 | D:3      | Reached skill level 6 in Long Blades
  4741 | D:4      | Noticed Pikel
  4774 | D:4      | HP: 2/70 [Pikel (8)]
  4774 | D:4      | Slain by Pikel

Illustrated notes

Levels and vault maps discovered:
D:1:      kilobyte_arrival_exit_the_forest, layout_rooms,
          shapermc_ecumenical_altar_mp_highgroup
D:2:      layout_basic
D:3:      layout_basic, lemuel_round_altar
D:4:      layout_loops_ring, serial_glass, glass_columns_a, glass_columns_a,
          uniq_pikel

Skill      XL: |  1  2  3  4  5  6 |
---------------+-------------------+-----
Long Blades    | 4 5 6 |  6.1
Conjurations   | 1 2 3 |  3.1
Fire Magic     | 2 3 |  3.4
Fighting       | |  3.6
Spellcasting   | |  1.1

Action                   |  1- 3 |  4- 6 || total
-------------------------+-------+-------++-------
Melee: Falchion          |    96 |   155 ||   251
Throw: Dart              |       |     3 ||     3
 Cast: Foxfire           |     9 |    34 ||    43
Invok: Foxfire Swarm     |       |     2 ||     2
 Abil: Hop               |     1 |     4 ||     5
  Use: Scroll            |       |     2 ||     2
       Potion            |       |     2 ||     2
 Stab: Sleeping          |     1 |       ||     1
Armor: Robe              |    10 |       ||    10
       Ring mail         |    21 |    50 ||    71
       Skin              |       |    17 ||    17
Dodge: Dodged            |    61 |    92 ||   153

Table legend: (Time is in decaauts)
 A = Elapsed time spent in this place.
 B = Non-inter-level travel time spent in this place.
 C = Inter-level travel time spent in this place.
 D = Time resting spent in this place.
 E = Time spent auto-exploring this place.
 F = Levels seen in this place.
 G = Mean time per level.
                   A        B        C        D        E       F      G
               +--------+--------+--------+--------+--------+-----+--------+
         Total |   5225 |   5059 |    166 |    276 |   3979 |   4 | 1306.2 |
       Dungeon |   5225 |   5059 |    166 |    276 |   3979 |   4 | 1306.2 |
               +--------+--------+--------+--------+--------+-----+--------+

Top non-repeatable levels by time:
     D:3: 1667 daAuts
     D:2: 1603 daAuts
     D:1: 1257 daAuts
     D:4: 697 daAuts
